Map: [ESL] Hardwire

Players

Astrea

  • Race: Protoss Protoss

HeroMarine - Winner!

  • Race: Terran Terran

Event: IEM Katowice 2022

VOD

Have the link to the VOD?

Description

Time

  • Played on: Feb. 25, 2022, 8:53 a.m.
  • Length: 10:24

All games in this series

Show
View Real Time Build Order
Export as new Build Order

Astrea Protoss 

Build Orders: 1 Gate Expand, Phoenix Opening 

Get SALT Encoding   

  12  0:00  Probe  
  13  0:12  Probe  
  14  0:16  Pylon  
  14  0:24  Probe (Chrono Boost)  
  16  0:36  Gateway, Probe (Chrono Boost)  
  16  0:43  Probe (Chrono Boost)  
  16  0:45  Assimilator  
  17  0:51  Probe  
  18  1:03  Probe  
  19  1:15  Probe  
  20  1:23  Nexus  
  20  1:32  Cybernetics Core  
  20  1:35  Probe  
  21  1:41  Assimilator  
  21  1:47  Probe  
  22  1:51  Pylon  
  22  1:59  Probe  
  23  2:07  Adept (Chrono Boost)  
  23  2:11  Probe (Chrono Boost)  
  26  2:21  Probe (Chrono Boost)  
  27  2:26  Probe (Chrono Boost)  
  27  2:28  Stargate  
  28  2:30  Adept  
  29  2:37  Probe (Chrono Boost)  
  29  2:41  Probe (Chrono Boost)  
  31  2:44  Warp Gate  
  31  2:49  Probe (Chrono Boost)  
  33  2:53  Probe (Chrono Boost)  
  33  2:54  Probe (Chrono Boost)  
  34  3:02  Probe (Chrono Boost)  
  34  3:04  Probe (Chrono Boost)  
  35  3:11  Phoenix  
  37  3:14  Robotics Facility  
  37  3:16  Probe (Chrono Boost)  
  37  3:19  Probe (Chrono Boost)  
  39  3:22  Probe (Chrono Boost)  
  39  3:26  Probe (Chrono Boost)  
  41  3:30  Pylon, Probe (Chrono Boost)  
  42  3:36  Assimilator  
  42  3:38  Assimilator  
  42  3:39  Phoenix  
  45  3:42  Probe x2 (Chrono Boost)  
  46  3:50  Probe (Chrono Boost)  
  46  3:52  Pylon, Probe (Chrono Boost)  
  48  3:56  Probe  
  48  4:02  Probe  
  48  4:04  Phoenix  
  48  4:08  Probe  
  48  4:09  Observer  
  52  4:13  Gateway  
  52  4:14  Probe  
  53  4:20  Probe  
  53  4:23  Pylon  
  54  4:26  Probe  
  54  4:29  Phoenix  
  57  4:33  Probe  
  57  4:35  Adept  
  61  4:38  Immortal (Chrono Boost), Probe  
  61  4:43  Pylon  
  66  4:54  Robotics Bay  
  66  4:57  Phoenix  
  67  5:05  Nexus  
  67  5:07  Probe, Observer  
  67  5:08  Probe  
  67  5:09  Sentry  
  71  5:19  Probe, Observer  
  71  5:21  Probe  
  74  5:22  Forge  
  74  5:31  Probe  
  74  5:33  Probe  
  74  5:34  Twilight Council  
  76  5:43  Probe  
  76  5:45  Probe  
  76  5:46  Pylon  
  76  5:49  Pylon  
  78  5:57  Protoss Ground Weapons Level 1 (Chrono Boost)  
  78  5:58  Observer  
  78  6:01  Colossus (Chrono Boost)  
  78  6:03  Charge  
  78  6:04  Probe x2  
  78  6:08  Shield Battery  
  86  6:15  Extended Thermal Lance  
  86  6:17  Probe (Chrono Boost)  
  89  6:22  Probe x2 (Chrono Boost)  
  90  6:26  Probe (Chrono Boost)  
  90  6:27  Gateway  
  90  6:29  Gateway  
  90  6:30  Probe x2 (Chrono Boost)  
  90  6:31  Probe (Chrono Boost)  
  93  6:45  Colossus (Chrono Boost), Observer  
  92  6:50  Gateway  
  92  6:52  Gateway  
  92  6:53  Phoenix  
  97  6:54  Gateway  
  97  6:57  Forge  
  97  6:59  Zealot  
  97  7:00  Zealot  
  101  7:14  Pylon  
  100  7:18  Phoenix  
  100  7:22  Nexus  
  102  7:23  Pylon  
  102  7:27  Zealot x3  
  108  7:31  Protoss Ground Armor Level 1 (Chrono Boost)  
  108  7:32  Colossus (Chrono Boost), Probe x3  
  108  7:35  Pylon, Observer  
  117  7:44  Probe x2  
  118  7:45  Phoenix  
  118  7:48  Zealot  
  118  7:49  Zealot x2  
  125  7:53  Pylon x2  
  125  7:54  Pylon  
  125  7:55  Protoss Ground Weapons Level 2 (Chrono Boost)  
  125  7:59  Pylon  
  125  8:00  Probe x2  
  125  8:02  Zealot x3  
  133  8:11  Probe  
  133  8:12  Zealot, Probe  
  137  8:13  Pylon  
  137  8:16  Shield Battery  
  137  8:20  Robotics Facility  
  137  8:22  Probe  
  137  8:23  Pylon  
  137  8:24  Probe  
  139  8:29  Probe  
  140  8:34  Probe  
  140  8:35  Probe  
  140  8:41  Disruptor (Chrono Boost)  
  145  8:43  Stalker x4  
  145  8:46  Zealot  
  155  8:52  Zealot x2  
  159  8:56  Observer  
  159  8:57  Gateway  
  159  8:58  Gateway  
  159  8:59  Assimilator  
  159  9:00  Assimilator  
  159  9:05  Disruptor (Chrono Boost)  
  160  9:10  Zealot x5  
  167  9:21  Disruptor (Chrono Boost)  
  167  9:25  Zealot x2, Observer  
  167  9:30  Pylon  
  171  9:32  Stalker x4  
  170  9:39  Disruptor  
  170  9:48  Zealot x3  
  176  9:55  Zealot x6  
  141  10:10  Stalker  
  141  10:12  Zealot x2  
  115  10:16  Zealot x2  
  115  10:17  Zealot x4  
Show
View Real Time Build Order
Export as new Build Order

HeroMarine Terran - Winner!

Build Orders: Reaper Expand 

Get SALT Encoding   

  12  0:00  SCV  
  13  0:12  SCV  
  14  0:17  Supply Depot  
  14  0:24  SCV  
  15  0:39  SCV  
  15  0:40  Barracks  
  16  0:44  Refinery  
  16  0:51  SCV  
  17  1:03  SCV  
  18  1:15  SCV  
  19  1:27  Reaper, Orbital Command  
  20  1:41  Command Center  
  20  1:50  Supply Depot  
  20  1:52  SCV  
  21  1:58  Marine  
  22  2:04  SCV  
  23  2:08  Factory  
  23  2:13  Refinery  
  23  2:16  SCV  
  23  2:20  Barracks Reactor  
  24  2:29  SCV  
  25  2:41  SCV  
  26  2:52  Hellion  
  26  2:53  SCV  
  26  2:54  Starport, Orbital Command  
  29  3:00  Marine x2  
  29  3:05  SCV  
  32  3:13  Widow Mine  
  32  3:17  SCV  
  32  3:18  Supply Depot, Marine x2  
  32  3:19  SCV  
  38  3:29  SCV  
  38  3:30  Medivac  
  38  3:31  SCV  
  42  3:35  Factory Tech Lab  
  42  3:36  Marine x2  
  44  3:41  SCV  
  44  3:43  SCV  
  44  3:45  Supply Depot  
  46  3:53  SCV  
  46  3:54  Marine x2  
  46  3:55  Siege Tank  
  52  3:56  SCV  
  52  4:02  Viking  
  53  4:05  SCV  
  53  4:08  SCV  
  55  4:11  Supply Depot, Marine  
  55  4:15  Marine  
  56  4:17  SCV  
  58  4:30  SCV, Marine  
  60  4:32  Marine, Cyclone  
  60  4:34  SCV  
  60  4:35  Command Center  
  64  4:39  Supply Depot  
  64  4:40  Starport Tech Lab  
  64  4:43  Barracks, SCV  
  65  4:46  SCV  
  65  4:48  Marine  
  65  4:50  Marine  
  68  4:56  SCV  
  68  4:57  Engineering Bay  
  68  4:59  SCV  
  70  5:00  Barracks, Raven  
  70  5:03  Refinery  
  70  5:05  Refinery  
  73  5:11  SCV x2  
  76  5:21  Siege Tank  
  76  5:22  Supply Depot  
  76  5:23  SCV  
  76  5:27  Missile Turret  
  78  5:28  SCV  
  78  5:35  SCV, Barracks  
  78  5:39  Barracks  
  78  5:42  Terran Infantry Weapons Level 1  
  78  5:43  SCV, Marine x2  
  78  5:45  Supply Depot  
  78  5:47  SCV  
  78  5:48  Orbital Command  
  82  5:52  Marine  
  82  5:55  SCV  
  84  5:57  Siege Tank  
  84  5:59  SCV  
  84  6:05  Stimpack  
  84  6:07  SCV, Marine x2, Orbital Command  
  84  6:10  Missile Turret  
  87  6:11  SCV  
  87  6:13  Marine  
  89  6:20  SCV  
  89  6:23  SCV  
  89  6:24  Marine  
  92  6:26  Starport Reactor  
  92  6:27  Barracks Reactor, Barracks Tech Lab  
  92  6:29  Siege Tank  
  92  6:32  SCV  
  96  6:33  SCV  
  96  6:35  SCV  
  97  6:44  SCV  
  97  6:45  SCV  
  97  6:47  SCV  
  97  6:50  Marauder x2, Marine x2  
  97  6:54  Missile Turret  
  104  7:01  Combat Shield  
  107  7:05  Supply Depot, Medivac  
  107  7:06  Supply Depot  
  109  7:11  Supply Depot  
  109  7:15  Missile Turret  
  109  7:17  SCV, Marauder  
  109  7:27  SCV x2, Marine x4, Medivac, Marauder  
  109  7:28  Supply Depot  
  109  7:29  SCV  
  120  7:30  Factory Reactor  
  120  7:31  Barracks Tech Lab  
  120  7:35  Medivac  
  121  7:37  Refinery  
  121  7:38  Refinery  
  121  7:39  SCV x2, Marauder x2  
  121  7:41  SCV, Starport  
  127  7:46  Supply Depot  
  127  7:48  Terran Infantry Armor Level 1, Marine x4  
  127  7:49  Marauder  
  132  7:51  SCV x2  
  132  7:52  Concussive Shells  
  132  7:53  SCV  
  132  7:55  Supply Depot  
  135  8:00  Marine  
  135  8:03  Marauder  
  140  8:05  Marine  
  140  8:06  Marine  
  140  8:08  Viking x2  
  140  8:10  Supply Depot, Marauder  
  146  8:19  Marauder  
  148  8:23  Supply Depot  
  148  8:25  Marauder  
  150  8:28  Viking x2  
  150  8:32  Marauder  
  156  8:38  Viking x2  
  156  8:41  Marauder  
  162  8:44  Supply Depot  
  162  8:45  Marine x2  
  162  8:46  Marauder, Ghost Academy, Marine  
  166  8:54  Marauder  
  167  8:58  Viking x2  
  172  9:02  Marauder  
  172  9:08  Marauder  
  172  9:09  Marine x2  
  176  9:15  Marauder  
  178  9:17  Supply Depot  
  178  9:18  Supply Depot  
  178  9:24  Ghost  
  178  9:26  Barracks  
  178  9:27  Barracks, Armory  
  178  9:28  Barracks  
  180  9:31  Viking  
  180  9:37  Marauder x2  
  181  9:54  Marauder  
  181  9:58  Marauder  
  183  10:00  Marauder  

Tags
 
Add a new tag
Caveats
  • Supply blocks, unpowered buildings, or Contaminate may cause inaccurate times.
  • Supply counts are checked every 10 seconds.